[Event "Chinese League Div-A Rapid 2022"]
[Site "Fuling,Chongqing"]
[Date "2022.09.10"]
[Round "4.16"]
[White "Ma, Zhonghan"]
[Black "Xu, Xiangyu"]
[Result "1/2-1/2"]
[ECO "A50"]
[WhiteElo "2485"]
[BlackElo "2571"]
[Annotator "TA"]
[PlyCount "61"]
[EventDate "2022.09.07"]
[EventType "team-tourn"]
[EventCountry "CHN"]
[SourceTitle "playchess.com"]
[Source "ChessBase"]
[SourceQuality "1"]
[TimeControl "1500+10"]

1. d4 Nf6 2. c4 b6 3. Nf3 Bb7 4. g3 Bxf3 5. exf3 e6 6. Bg2 {[%emt 0:00:07] A50: Queen's Fianchetto Defence (1 d4 Nf6 2 c4 b6).} c6 {[%emt 0:00:03] was the old line (6...Bb4+).} 7. O-O Be7 {[%emt 0:00:02] [#]} 8. f4 $146 {[%emt 0:00:12] White is slightly better.} ({Predecessor:} 8. Nc3 d5 9. f4 O-O 10. Qe2 Re8 11. b3 Nbd7 12. Bb2 Rc8 13. Rac1 Bd6 14. Rfd1 {1-0 (38) Platzgummer,F (2336)-Dragnev,V (2553) Playchess.com INT 2020}) 8... O-O 9. d5 exd5 10. cxd5 Nxd5 11. Bxd5 cxd5 12. Nc3 Nc6 13. Nxd5 Rc8 ({Black should try} 13... Nb4 $14) 14. Be3 (14. a3 $142) 14... Bc5 15. Rc1 d6 16. Qg4 Kh8 17. Rfd1 (17. Bd2 $16) 17... Qe8 18. Qf3 {[%emt 0:03:13] White is much more active.} (18. Re1 {is interesting.} Qe4 19. Qd1 Rfe8 20. Bxc5 Qxe1+ 21. Qxe1 Rxe1+ 22. Rxe1 bxc5 23. Ne7) 18... Bxe3 19. fxe3 (19. Qxe3 $16 Qd7 20. Qe4) 19... Qd7 20. e4 Ne7 21. Rxc8 Rxc8 22. Nc3 Qc6 23. Qd3 Rd8 24. Qd4 Kg8 25. Rd2 h6 26. a3 Kf8 27. Kf2 Qc8 28. Kg2 (28. Qd3 $16) 28... Qc6 {[%emt 0:00:08] Inhibits Nb5.} (28... f5 $1 $11 {keeps the balance.}) 29. Kf2 (29. g4 $16) 29... Qd7 ({Black should play} 29... Qc8 $1 $11) 30. Kg2 Qc6 $1 31. Kf2 {[%emt 0:00:28] Weighted Error Value: White=0.26 (precise) /Black=0.23 (precise)} ({Better is} 31. g4 $16) 1/2-1/2

[Event "Chinese League Div-A Rapid 2022"]
[Site "Fuling,Chongqing"]
[Date "2022.09.10"]
[Round "4.17"]
[White "Pang, Tao"]
[Black "Zhao, Yuanhe"]
[Result "1/2-1/2"]
[ECO "B38"]
[WhiteElo "2427"]
[BlackElo "2440"]
[Annotator "TA"]
[PlyCount "83"]
[EventDate "2022.09.07"]
[EventType "team-tourn"]
[EventCountry "CHN"]
[SourceTitle "playchess.com"]
[Source "ChessBase"]
[SourceQuality "1"]
[TimeControl "1500+10"]

1. Nf3 c5 2. c4 Nc6 3. d4 cxd4 4. Nxd4 g6 5. e4 Bg7 6. Be3 Nf6 7. Nc3 O-O 8. Be2 d6 9. O-O Bd7 10. Qd2 Ng4 11. Bxg4 Bxg4 12. f3 Bd7 13. Rac1 {[%emt 0:00:16] B38: Sicilian: Maroczy Bind with 5...Bg7 and 7...0-0.} Rc8 14. b3 Nxd4 15. Bxd4 {[%emt 0:00:01] White is slightly better.} Qa5 16. Rfd1 Bxd4+ 17. Qxd4 {[%emt 0:00:02][%cal Oe4e5] [#]} Bc6 $146 ({Predecessor:} 17... Qc5 18. e5 Be6 19. exd6 Qxd4+ 20. Rxd4 Rfd8 21. Rcd1 exd6 22. Rxd6 Rxd6 23. Rxd6 Kf8 {1-0 (45) Metin,M (2170)-Yigit,A (1943) Antalya 2017}) 18. Rb1 Qc5 19. Kf1 Qxd4 20. Rxd4 a6 21. a4 a5 22. Nd5 Rfe8 23. Nb6 {[%emt 0:00:18] White is more active.} Rc7 24. Rc1 f5 (24... Rb8 $14) 25. exf5 $16 gxf5 26. c5 dxc5 (26... Kf7 $16) 27. Rxc5 $18 e5 28. Rd6 {[%emt 0:03:35] Hoping for Nd5.} Rf7 29. Nc4 (29. Rxa5 $6 e4) 29... e4 30. Ne5 ({Don't play} 30. Nxa5 $6 exf3 31. Nxc6 fxg2+ 32. Kxg2 bxc6) (30. f4 $18) 30... exf3 $16 31. gxf3 ({Much less strong is} 31. Nxc6 fxg2+ 32. Kxg2 bxc6 $14) 31... Rfe7 32. f4 (32. Nxc6 $16 bxc6 33. Rxa5) 32... Be4 $14 33. Rc3 Rg7 34. Nd7 {[%emt 0:00:44] [#] Nf6+ is the strong threat.} (34. h4 $5 ) 34... Kh8 $1 {[%emt 0:00:29] The position is equal.} ({Don't take} 34... Bg2+ 35. Kf2 Kf7 36. Nf6 $16) 35. Nf6 Rf8 36. Nh5 Rg6 37. Rd7 Bg2+ 38. Ke1 $1 Bc6 39. Re7 Rg1+ 40. Kd2 Rg2+ 41. Re2 $1 Rd8+ 42. Ke1 {[%emt 0:00:01] Black defended with fortune.  Weighted Error Value: White=0.10 (very precise) /Black=0.08 (flawless)} 1/2-1/2

[Event "Chinese League Div-A Rapid 2022"]
[Site "Fuling,Chongqing"]
[Date "2022.09.10"]
[Round "4.18"]
[White "Wang, Hao B"]
[Black "Li, Di"]
[Result "0-1"]
[ECO "A04"]
[WhiteElo "2165"]
[BlackElo "2575"]
[Annotator "TA"]
[PlyCount "76"]
[EventDate "2022.09.07"]
[EventType "team-tourn"]
[EventCountry "CHN"]
[SourceTitle "playchess.com"]
[Source "ChessBase"]
[SourceQuality "1"]
[TimeControl "1500+10"]

1. Nf3 c5 2. g3 g6 3. Bg2 Bg7 4. O-O Nc6 5. c3 e5 6. d3 Nge7 7. c4 O-O 8. Nc3 d6 9. Ne1 {[%emt 0:02:53] A04: Unusual lines after 1 Nf3 and King's Indian Attack.} Be6 10. Nc2 {[%emt 0:00:03] [#]} d5 $146 ({Predecessor:} 10... Qd7 11. Nd5 Bh3 12. Bg5 f6 13. Nxe7+ Nxe7 14. Bd2 h5 15. Rb1 h4 16. f3 hxg3 17. hxg3 {½-½ (59) Soundarya,K (1572)-Krishna,U (1879) Bhubaneswar 2013}) 11. cxd5 {[%emt 0:00:10] Black is slightly better.} Nxd5 12. Ne3 Nde7 13. Ne4 {[%emt 0:00:28] [#]} b6 14. Ng5 Bc8 15. Nc4 h6 16. Ne4 Be6 17. a4 f5 18. Nc3 ({Of course not} 18. Ned6 Qb8 19. Nb5 Bxc4 20. dxc4 Rd8 21. Bd5+ Kh7 $15) 18... Rb8 19. h4 Qd7 20. Bd2 Kh7 21. Kh2 (21. Rc1 $17) 21... Rbd8 $19 {[%emt 0:00:53] Hoping for ...Bxc4.} 22. b3 e4 $1 23. Nb2 $2 (23. Rc1) 23... Ne5 24. Re1 $2 (24. Rc1) 24... Ng4+ {[%emt 0:00:36] Black is clearly winning.} 25. Kg1 e3 26. fxe3 Qc7 27. Rf1 Qxg3 {[%emt 0:00:04][%csl Gg4][%cal Rg3h2] [#]} 28. Rf3 Qh2+ 29. Kf1 Qxh4 (29... f4 $142 30. e4 Bd4) 30. Be1 Nh2+ 31. Kg1 Nxf3+ 32. exf3 Qf6 {[%emt 0:00:40] Strongly threatening ...f4.} 33. Rc1 f4 34. e4 Nc6 35. Nc4 Nb4 36. e5 Qe7 37. Qe2 Nxd3 38. Rd1 Bxc4 {[%emt 0:02:01] White got outplayed after the opening.  Weighted Error Value: White=0.60/Black=0.23 (precise)} 0-1

[Event "Chinese League Div-A Rapid 2022"]
[Site "Fuling,Chongqing"]
[Date "2022.09.10"]
[Round "4.19"]
[White "Chu, Ruotong"]
[Black "Shao, Qiyu"]
[Result "1-0"]
[ECO "E04"]
[WhiteElo "2185"]
[BlackElo "1467"]
[Annotator "RC"]
[PlyCount "63"]
[EventDate "2022.09.07"]
[EventType "team-tourn"]
[EventCountry "CHN"]
[SourceTitle "playchess.com"]
[Source "ChessBase"]
[SourceQuality "1"]
[TimeControl "1500+10"]

1. Nf3 Nf6 2. g3 d5 3. Bg2 c5 4. O-O Nc6 5. d4 e6 6. c4 dxc4 7. Qa4 Be7 8. Rd1 O-O 9. dxc5 Qa5 10. Qxc4 Qxc5 11. Qxc5 Bxc5 12. Nc3 h6 13. Bf4 Re8 14. Na4 Bf8 15. Ne5 Nxe5 16. Bxe5 Ng4 17. Bd6 Bxd6 18. Rxd6 Rb8 19. Rc1 b5 20. Nc5 e5 21. Nd7 Bxd7 22. Rxd7 Rbd8 23. Rcd1 Rxd7 24. Rxd7 e4 25. Rxa7 Nf6 26. Rb7 Re5 27. e3 Ng4 28. h3 Nf6 29. Bf1 Rh5 30. Rxb5 g5 31. Be2 Rxh3 32. Kg2 1-0

[Event "Chinese League Div-A Rapid 2022"]
[Site "Fuling,Chongqing"]
[Date "2022.09.10"]
[Round "4.20"]
[White "Ren, Xiaoyi"]
[Black "Sun, Fanghui"]
[Result "1/2-1/2"]
[ECO "E01"]
[WhiteElo "2250"]
[BlackElo "2182"]
[Annotator "RC"]
[PlyCount "57"]
[EventDate "2022.09.07"]
[EventType "team-tourn"]
[EventCountry "CHN"]
[SourceTitle "playchess.com"]
[Source "ChessBase"]
[SourceQuality "1"]
[TimeControl "1500+10"]

1. d4 Nf6 2. c4 e6 3. Nf3 d5 4. g3 dxc4 5. Qa4+ Nbd7 6. Qxc4 a6 7. Qd3 c5 8. Bg2 b5 9. dxc5 Bxc5 10. Ng5 Ra7 11. Nc3 O-O 12. O-O Bb7 13. Bxb7 Rxb7 14. Nge4 Be7 15. Rd1 Rc7 16. Bf4 Rc6 17. Nxf6+ Nxf6 18. Qxd8 Rxd8 19. Rxd8+ Bxd8 20. a4 bxa4 21. Rxa4 h6 22. Kg2 Nd5 23. Nxd5 exd5 24. Rd4 Bf6 25. Rxd5 Bxb2 26. Bd2 Bc3 27. Bxc3 Rxc3 28. Ra5 Rc6 29. h4 1/2-1/2

[Event "Chinese League Div-A Rapid 2022"]
[Site "Fuling,Chongqing"]
[Date "2022.09.10"]
[Round "4.21"]
[White "Li, Haoyu"]
[Black "Chen, Yuan"]
[Result "1/2-1/2"]
[ECO "C08"]
[WhiteElo "2369"]
[BlackElo "2138"]
[Annotator "RC"]
[PlyCount "97"]
[EventDate "2022.09.07"]
[EventType "team-tourn"]
[EventCountry "CHN"]
[SourceTitle "playchess.com"]
[Source "ChessBase"]
[SourceQuality "1"]
[TimeControl "1500+10"]

1. e4 c5 2. c3 e6 3. d4 d5 4. exd5 exd5 5. Nf3 Nf6 6. Bb5+ Bd7 7. Bxd7+ Nbxd7 8. O-O Be7 9. dxc5 Nxc5 10. Nbd2 O-O 11. Nb3 Nce4 12. Bf4 Re8 13. Qd3 Qb6 14. Nfd4 a6 15. Rad1 Bf8 16. f3 Nd6 17. Bxd6 Bxd6 18. g3 g6 19. Kg2 Bf8 20. Rfe1 Qc7 21. Qd2 Nd7 22. Rxe8 Rxe8 23. Re1 Rxe1 24. Qxe1 Ne5 25. Qe2 Nc4 26. Nc1 Na5 27. Ncb3 Nc4 28. Nc1 b5 29. Nd3 Qd7 30. b3 Nb6 31. Qe5 Qc8 32. Ne2 Qe6 33. f4 Nd7 34. Qxe6 fxe6 35. Kf3 Kf7 36. Ke3 Bd6 37. Nd4 Nf6 38. h3 Ne4 39. Ne2 Bc7 40. g4 Bb6+ 41. Kf3 Ba5 42. Ne5+ Ke8 43. b4 Bb6 44. g5 Nd2+ 45. Kg2 Ne4 46. Kf3 Nd2+ 47. Kg2 Ne4 48. Kf3 Nd2+ 49. Kg2 1/2-1/2

[Event "Chinese League Div-A Rapid 2022"]
[Site "Fuling,Chongqing"]
[Date "2022.09.10"]
[Round "4.22"]
[White "Zhang, Di"]
[Black "Ding, Liren"]
[Result "0-1"]
[ECO "D00"]
[WhiteElo "2108"]
[BlackElo "2808"]
[Annotator "TA"]
[PlyCount "76"]
[EventDate "2022.09.07"]
[EventType "team-tourn"]
[EventCountry "CHN"]
[SourceTitle "playchess.com"]
[Source "ChessBase"]
[SourceQuality "1"]
[TimeControl "1500+10"]

1. d4 Nf6 2. Bg5 d5 3. e3 c5 4. Bxf6 gxf6 5. c4 cxd4 (5... dxc4 {feels hotter.} 6. Bxc4 cxd4 7. exd4 Bg7) 6. Qxd4 {[%emt 0:01:52] D00: 1 d4 d5: Unusual lines.} dxc4 7. Qxd8+ Kxd8 8. Bxc4 {[%emt 0:00:02] The position is equal.} e6 9. Ne2 (9. Nc3 {looks sharper.} Rg8 10. Nge2 f5 11. Rd1+) 9... Bg7 10. Nbc3 Ke7 {[%emt 0:00:02] [#]} 11. O-O $146 ({Predecessor:} 11. e4 Bd7 12. O-O Nc6 13. Rad1 Rac8 14. Ng3 Rhd8 15. Be2 Bh6 16. Nh5 a6 17. Rd3 {0-1 (28) Almeida Saenz,A (2311)-Kamsky,G (2638) Greensboro 2016}) 11... Bd7 12. Nd4 Nc6 13. Nxc6+ Bxc6 14. e4 Rac8 15. Be2 Rhd8 {[%emt 0:00:31] White must now prevent ...Rd2.} 16. Rfd1 {[%emt 0:02:35] Inhibits Rd2.} Bh6 17. Kf1 Bd2 18. f3 Rd4 19. Nb1 Be3 {[%emt 0:00:29] [#] Strongly threatening ...Rxd1+.} 20. Na3 Bd7 21. Rxd4 Bxd4 {[%emt 0:00:01] A strong pair of Bishops.} 22. Rb1 a6 {[%emt 0:01:32] Against Bb5} 23. Bd3 h5 $36 {[%emt 0:00:47][%mdl 2048] Black has the initiative.} 24. h3 h4 25. Ke2 f5 {[%emt 0:01:29] Black is more active.} 26. exf5 exf5 27. Nc2 Ba7 28. Kf1 (28. Ne1 $15 {deserves consideration.}) 28... Kf6 29. Rd1 (29. b3 $142) 29... Be6 $17 30. b3 Kg5 31. Ne1 Kf4 32. Bc4 $2 {[%emt 0:00:06][%mdl 8192] Loses the game.} (32. Bc2 $17 {is tougher.}) 32... Rxc4 $19 {[%emt 0:00:40] Black is clearly winning.} ({Inferior is} 32... Bxc4+ 33. bxc4 Rxc4 34. Rd7 $15) 33. g3+ Kxg3 34. bxc4 Bxc4+ 35. Nd3 Kxh3 {[%emt 0:00:13] aiming for ...Kg3.} 36. Ke2 Kg2 {[%emt 0:00:18] [#] ( -> ...h3)} 37. Rc1 Bxd3+ 38. Kxd3 h3 {[%emt 0:00:01] Weighted Error Value: White=0.56/Black=0.04 (flawless)} 0-1

[Event "Chinese League Div-A Rapid 2022"]
[Site "Fuling,Chongqing"]
[Date "2022.09.10"]
[Round "4.23"]
[White "Li, Chao b"]
[Black "Lu, Shanglei"]
[Result "1/2-1/2"]
[ECO "E04"]
[WhiteElo "2679"]
[BlackElo "2616"]
[Annotator "TA"]
[PlyCount "44"]
[EventDate "2022.09.07"]
[EventType "team-tourn"]
[EventCountry "CHN"]
[SourceTitle "playchess.com"]
[Source "ChessBase"]
[SourceQuality "1"]
[TimeControl "1500+10"]

1. d4 Nf6 2. c4 e6 3. g3 d5 4. Bg2 dxc4 5. Nf3 c5 6. O-O Nc6 7. Qa4 Bd7 8. dxc5 Na5 9. Qa3 $1 {[%emt 0:02:06][%mdl 4] now scores much better than the old 9.Qc2. E04: Open Catalan: 5 Nf3.} Rc8 10. b4 cxb3 $1 11. axb3 {[%emt 0:00:02][%cal Ba2b3,Bb3b4][%mdl 32] White has an edge.} Rxc5 12. Bd2 Nc6 13. Qb2 {[%emt 0:00:04][%mdl 1024] White has compensation.} Be7 14. b4 {[%emt 0:03:35] [#]} Rb5 $146 ({Predecessor:} 14... Rh5 15. b5 Qb6 16. Nc3 Nd8 17. Be3 Bc5 18. Na4 Bxe3 19. Nxb6 Bxb6 20. Ne5 O-O {1-0 (52) Gelfand,B (2676)-Moradiabadi,E (2555) Chess.com INT 2020}) 15. Na3 Rb6 16. b5 {[%emt 0:00:00] [#] Threatens to win with Nc4.} a6 17. Be3 {[%emt 0:01:56] The position is equal.} Bxa3 18. Qxa3 Rxb5 19. Rfb1 Ra5 20. Qb2 Rb5 21. Qa3 Ra5 22. Qb2 Rb5 {[%emt 0:00:13] An interesting draw.  Weighted Error Value: White=0.00 (flawless) /Black=0.00 (flawless)} 1/2-1/2

[Event "Chinese League Div-A Rapid 2022"]
[Site "Fuling,Chongqing"]
[Date "2022.09.10"]
[Round "4.24"]
[White "Bai, Xue"]
[Black "Li, Ruofan"]
[Result "0-1"]
[ECO "C92"]
[WhiteElo "2123"]
[BlackElo "2302"]
[Annotator "RC"]
[PlyCount "114"]
[EventDate "2022.09.07"]
[EventType "team-tourn"]
[EventCountry "CHN"]
[SourceTitle "playchess.com"]
[Source "ChessBase"]
[SourceQuality "1"]
[TimeControl "1500+10"]

1. e4 e5 2. Nf3 Nc6 3. Bb5 a6 4. Ba4 Nf6 5. O-O Be7 6. Re1 b5 7. Bb3 d6 8. c3 O-O 9. h3 Bb7 10. d4 Re8 11. Nbd2 Bf8 12. Bc2 g6 13. Nf1 exd4 14. cxd4 Nb4 15. Ng3 Nxc2 16. Qxc2 c5 17. d5 Bg7 18. Bf4 Qc7 19. Rad1 Nd7 20. b3 Rac8 21. Qd2 c4 22. bxc4 bxc4 23. Qb4 c3 24. Bxd6 a5 25. Bxc7 axb4 26. d6 Ra8 27. Rb1 c2 28. Rxb4 Bc3 29. Rc4 Bxe1 30. Nxe1 Rxa2 31. Nxc2 Ba6 32. Rc3 Rb2 33. Kh2 h5 34. h4 Ra8 35. f3 Bb5 36. Na3 Be2 37. Nxe2 Rxe2 38. Kg3 f5 39. exf5 gxf5 40. Nc4 Kf7 41. Kf4 Ra4 42. Kxf5 Rxg2 43. f4 Rg4 44. Ke4 Rxh4 45. Kd5 Rxf4 46. Nb6 Rad4+ 47. Kc6 Ne5+ 48. Kb7 Rg4 49. Kc8 Rg8+ 50. Kb7 h4 51. Re3 Kf6 52. Nc8 Rd3 53. Re1 h3 54. Ne7 Rh8 55. Rxe5 Kxe5 56. Ng6+ Kf6 57. Nxh8 h2 0-1

[Event "Chinese League Div-A Rapid 2022"]
[Site "Fuling,Chongqing"]
[Date "2022.09.10"]
[Round "4.25"]
[White "Zhu, Jiner"]
[Black "Wang, Yu A."]
[Result "1/2-1/2"]
[ECO "A05"]
[WhiteElo "2464"]
[BlackElo "2271"]
[Annotator "TA"]
[PlyCount "52"]
[EventDate "2022.09.07"]
[EventType "team-tourn"]
[EventCountry "CHN"]
[SourceTitle "playchess.com"]
[Source "ChessBase"]
[SourceQuality "1"]
[TimeControl "1500+10"]

1. Nf3 Nf6 2. g3 b5 3. Bg2 Bb7 4. O-O e6 5. d3 Be7 6. e4 d6 7. Nc3 {[%emt 0:02:16] A05: Réti Opening: 1 Nf3 Nf6.} b4 8. Ne2 O-O {[%emt 0:00:26] [#]} 9. c3 $146 ({Predecessor:} 9. Nd2 Nfd7 10. d4 c5 11. c4 cxd4 12. Nxd4 Nc5 13. Re1 Nbd7 14. N2b3 Ne5 15. Qc2 {0-1 (26) Handler,L (2398)-Krejci,J (2503) Meissen 2013}) 9... c5 10. cxb4 cxb4 11. b3 Nc6 12. Bb2 a5 13. Nfd4 Nxd4 14. Nxd4 d5 15. Re1 dxe4 16. dxe4 Bc5 {[%emt 0:00:08] And now ...Qb6 would win.} (16... Qb6 $5 17. e5 Nd5 $15) 17. Nc2 Qxd1 (17... Rc8 {is interesting.} 18. Qe2 Ba6 19. Qxa6 Bxf2+ 20. Kh1 Rxc2 21. Re2 Qc8) 18. Raxd1 Rfd8 19. e5 Bxg2 20. Kxg2 Nd5 21. Bd4 (21. Kf3 $11 {remains equal.}) 21... Bxd4 22. Rxd4 Nc3 23. a4 bxa3 {[%emt 0:01:05] [#] ...Rxd4 is the strong threat.} 24. Rxd8+ {[%emt 0:00:04] The position is equal.} Rxd8 25. Nxa3 Rb8 26. Nc4 Rxb3 {[%emt 0:00:19] Weighted Error Value: White=0.18 (very precise) /Black=0.12 (very precise)} 1/2-1/2

[Event "Chinese League Div-A Rapid 2022"]
[Site "Fuling,Chongqing"]
[Date "2022.09.10"]
[Round "4.26"]
[White "Xue, Haowen"]
[Black "Wei, Yi"]
[Result "0-1"]
[ECO "B07"]
[WhiteElo "2128"]
[BlackElo "2727"]
[Annotator "TA"]
[PlyCount "82"]
[EventDate "2022.09.07"]
[EventType "team-tourn"]
[EventCountry "CHN"]
[SourceTitle "playchess.com"]
[Source "ChessBase"]
[SourceQuality "1"]
[TimeControl "1500+10"]

1. d4 {[%emt 0:00:02] ChessBase II} g6 2. e4 Bg7 3. c3 d6 4. Nf3 Nf6 5. Bd3 O-O 6. O-O Nc6 7. h3 e5 8. Re1 Qe8 $5 {[%emt 0:01:02][%mdl 4] [#] A promising side line. B07: Pirc Defence: Miscellaneous Systems.} 9. Nbd2 $146 ({Predecessor:} 9. Bg5 Nh5 10. Na3 h6 11. Be3 Qe7 12. Nc2 Qf6 13. Bf1 Kh7 14. Kh2 Re8 15. Nd2 d5 16. exd5 exd4 17. Nxd4 Nxd4 18. Bxd4 {½-½ (31) Ragger,M (2672)-Todorov,T (2477) Brest 2018 EXT 2019 [ChessBase II]}) 9... Nh5 10. d5 Ne7 {[%emt 0:02:12] White has an edge.} 11. a4 a5 12. Bb5 Qd8 13. Bf1 Bd7 14. Nc4 Qe8 15. b3 Kh8 16. Ba3 Nf4 17. Ra2 f6 18. Kh2 g5 19. g3 Nfg6 (19... Nxh3 $1 $11 20. Bxh3 Bxh3 21. Kxh3 g4+ 22. Kxg4 Qd7+ 23. Kh4 Ng6+ 24. Kh5 f5) 20. Nfd2 $14 h6 21. Be2 f5 22. exf5 Nxd5 23. Ne4 ({Not} 23. fxg6 $2 Nxc3 24. Qc1 Rxf2+ 25. Kg1 Rxe2 $19) 23... Nge7 24. g4 (24. Bh5 Qd8 $11) 24... Nf4 25. Bf3 Bc6 26. Ng3 (26. Rd2 $16) 26... Qf7 27. Rd2 Ned5 28. Bb2 Ra6 ({Better is} 28... Nf6 $11) 29. Nh5 Bf6 $2 (29... Nxh5 $11 30. Bxd5 Bxd5 31. Rxd5 Nf4 32. Rxa5 Re8) 30. Nxf6 $2 ({White has to play} 30. Bxd5 $18 Nxd5 31. Nxd6 $1 cxd6 32. c4) 30... Nxf6 $11 31. Re3 (31. Nxe5 $11 dxe5 32. Bxc6 Rxc6 33. c4) 31... Kg7 {[%emt 0:00:18] Black is more active.} (31... h5 $17 {Strongly threatening ...Bxf3.} 32. Bxc6 Rxc6) 32. Ba3 $2 {[%emt 0:00:10] [#]} (32. Nxe5 $11 dxe5 33. Bxc6 Rxc6 34. c4) 32... h5 $1 $19 {[%emt 0:00:16] And now ...Bxf3 would win.} 33. Bxc6 Rxc6 ({But not} 33... bxc6 34. Nxe5 dxe5 35. Bxf8+ Qxf8 36. Rxe5 $16) 34. f3 $2 (34. gxh5 Rh8 35. Nxa5) 34... hxg4 {[%emt 0:00:25] The board is on fire.} 35. fxg4 Rxc4 36. bxc4 Qxc4 37. Qf3 $2 (37. Bc1) 37... Rh8 38. Qd1 Rh4 39. Rg3 Ne4 {[%emt 0:00:18] Pair of Knights!} 40. Bxd6 cxd6 41. Rxd6 Qa2+ {[%emt 0:00:02] Weighted Error Value: White=0.89/Black=0.27 (precise)} 0-1

[Event "Chinese League Div-A Rapid 2022"]
[Site "Fuling,Chongqing"]
[Date "2022.09.10"]
[Round "4.27"]
[White "Wen, Yang"]
[Black "Xu, Jun"]
[Result "1/2-1/2"]
[ECO "E18"]
[WhiteElo "2588"]
[BlackElo "2474"]
[Annotator "TA"]
[PlyCount "50"]
[EventDate "2022.09.07"]
[EventType "team-tourn"]
[EventCountry "CHN"]
[SourceTitle "playchess.com"]
[Source "ChessBase"]
[SourceQuality "1"]
[TimeControl "1500+10"]

1. d4 Nf6 2. c4 e6 3. Nf3 b6 4. g3 Bb7 5. Bg2 Be7 6. O-O O-O 7. Nc3 Ne4 8. Nxe4 Bxe4 9. Ne1 Bxg2 10. Nxg2 d6 11. b3 {[%emt 0:01:44] The position is equal.} Bf6 {[%emt 0:05:04] E18: Queen's Indian: Old Main Line (4 g3 Bb7 5 Bg2 Be7 6 0-0 0-0 7 Nc3).} 12. Bb2 c5 13. Rb1 cxd4 14. Bxd4 {[%emt 0:00:05] [#]} Bxd4 $146 ({Predecessor:} 14... Nd7 15. Qd2 Rc8 16. Rfd1 Rc6 17. Bxf6 Nxf6 18. Ne3 Qb8 19. Qb4 a5 {½-½ (19) Andersson,U (2605)-Karpov,A (2720) Mar del Plata 1982}) 15. Qxd4 Nc6 16. Qd2 Qc7 17. Rbc1 Rfd8 18. Rfd1 d5 19. cxd5 Rxd5 20. Qc3 {[%emt 0:00:16] [#] Strongly threatening Rxd5.} Rc5 21. Qe3 Rd8 22. Ne1 Rxc1 23. Rxc1 Rd6 24. Nf3 Qd7 25. Kg2 h6 {[%emt 0:00:10] Not much happened in this game.  Weighted Error Value: White=0.02 (flawless) /Black=0.01 (flawless)} 1/2-1/2

[Event "Chinese League Div-A Rapid 2022"]
[Site "Fuling,Chongqing"]
[Date "2022.09.10"]
[Round "4.28"]
[White "Xu, Yinglun"]
[Black "Chen, Qi b"]
[Result "1/2-1/2"]
[ECO "D63"]
[WhiteElo "2549"]
[BlackElo "2485"]
[Annotator "TA"]
[PlyCount "48"]
[EventDate "2022.09.07"]
[EventType "team-tourn"]
[EventCountry "CHN"]
[SourceTitle "playchess.com"]
[Source "ChessBase"]
[SourceQuality "1"]
[TimeControl "1500+10"]

1. d4 Nf6 2. c4 e6 3. Nf3 d5 4. Nc3 Nbd7 5. Bg5 h6 6. Bh4 Be7 7. e3 O-O 8. Rc1 c5 {[%emt 0:01:53] D63: Queen's Gambit Declined: Classical: 7 Rc1.} 9. dxc5 Nxc5 10. cxd5 g5 {[%emt 0:00:27] White is slightly better.} 11. Bg3 {[%emt 0:00:04] [#] Strongly threatening d6.} Nxd5 12. Nxd5 Qxd5 (12... exd5 {looks sharper.} 13. Be5 Ne4 14. Bd3 Bb4+) 13. Qxd5 exd5 14. Be2 Ne4 15. Nd4 {[%emt 0:01:14] [#]} Bd7 $146 ({Predecessor:} 15... Bb4+ 16. Kd1 Re8 17. Bb5 Re7 18. Ke2 Nxg3+ 19. hxg3 Kg7 20. a3 Ba5 21. Rxc8 Rxc8 {½-½ (32) Wojtaszek,R (2741)-Lupulescu,C (2626) Germany 2016}) 16. f3 Bb4+ 17. Kd1 $1 Nxg3 18. hxg3 Kg7 19. Bd3 ({White should try} 19. Rc7 $16 Rfd8 20. Rxb7) 19... Rac8 $14 20. Rxc8 Rxc8 21. g4 {[%emt 0:02:22] And now Bf5 would win.} (21. Bf5 $5 Rd8 22. Bxd7 Rxd7 23. Kc2 $14) 21... Bc5 22. Kd2 Bb4+ 23. Kd1 {[%emt 0:00:56] Bf5 is the strong threat.} (23. Ke2 $5 ) 23... Bc5 24. Kd2 Bb4+ {[%emt 0:00:17] Weighted Error Value: White=0.10 (very precise) /Black=0.06 (flawless)} 1/2-1/2

[Event "Chinese League Div-A Rapid 2022"]
[Site "Fuling,Chongqing"]
[Date "2022.09.10"]
[Round "4.29"]
[White "Yuan, Ye"]
[Black "Song, Yuxin"]
[Result "1/2-1/2"]
[ECO "D30"]
[WhiteElo "2108"]
[BlackElo "2317"]
[Annotator "RC"]
[PlyCount "55"]
[EventDate "2022.09.07"]
[EventType "team-tourn"]
[EventCountry "CHN"]
[SourceTitle "playchess.com"]
[Source "ChessBase"]
[SourceQuality "1"]
[TimeControl "1500+10"]

1. d4 Nf6 2. c4 e6 3. Nf3 d5 4. Bg5 dxc4 5. Qa4+ Nbd7 6. e4 Be7 7. Nc3 O-O 8. Qxc4 c5 9. dxc5 Nxc5 10. Bxf6 gxf6 11. Be2 Bd7 12. e5 Rc8 13. O-O f5 14. Qf4 Kh8 15. Rfd1 Rg8 16. h3 Qe8 17. Nd4 Na4 18. Nxa4 Bxa4 19. b3 Bc6 20. Nxc6 Qxc6 21. Bf3 Qc7 22. Rac1 Qb8 23. Rxc8 Qxc8 24. Qc4 Qxc4 25. bxc4 Rd8 26. Rxd8+ Bxd8 27. Bxb7 f4 28. g3 1/2-1/2